 Dungeon Crawl Stone Soup version 0.29.1-12-g30fa7ad0bf (webtiles) character file.

Game seed: 10252776432673316801

67 ghostp the Magician (level 3, 0/19 HPs)
             Began as a Deep Elf Earth Elementalist on Jan 9, 2023.
             Slain by Pargi (7 damage)
             ... on level 3 of the Dungeon.
             The game lasted 00:29:11 (2786 turns).

ghostp the Magician (Deep Elf Earth Elementalist)   Turns: 2786, Time: 00:29:12

Health: 0/19       AC:  2    Str:  5    XL:     3   Next: 98%
Magic:  7/10       EV: 12    Int: 21    God:
Gold:   126        SH:  0    Dex: 15    Spells: 7/10 levels left

rFire   . . .      SeeInvis .   b - +0 sling
rCold   . . .      Faith    .   (no shield)
rNeg    . . .      Spirit   .   d - +0 robe
rPois   .          Reflect  .   (no helmet)
rElec   .          Harm     .   (no cloak)
rCorr   .          Rampage  .   (no gloves)
Will    .....                   (no boots)
Stlth   ++........              (no amulet)
HPRegen 0.06/turn               (no ring)
MPRegen 0.12/turn               (no ring)

@: no status effects
A: no striking features
a: no special abilities


You were on level 3 of the Dungeon.
You visited 1 branch of the dungeon, and saw 3 of its levels.

You collected 126 gold pieces.

Inventory:

Hand Weapons
 a - a +0 dagger
 b - a +0 sling (weapon)
 p - a +1 short sword of draining
Missiles
 m - 8 stones
 o - 6 poisoned darts
Armour
 d - a +0 robe (worn)
 i - a +0 helmet
 q - a +0 leather armour
Scrolls
 e - 3 scrolls of identify
 f - a scroll of teleportation
 g - a scroll of enchant weapon {unknown}
 l - a scroll of vulnerability {unknown}
Potions
 c - a potion of magic
 h - a potion of resistance {unknown}
 j - a potion of heal wounds {unknown}
 k - a potion of attraction {unknown}
 n - a potion of ambrosia {unknown}


   Skills:
 + Level 0.4 Ranged Weapons
 + Level 2.5 Dodging
 + Level 3.1 Stealth
 + Level 4.3 Spellcasting
 + Level 1.2 Transmutations
 + Level 4.2 Earth Magic


You had 7 spell levels left.
You knew the following spells:

 Your Spells              Type           Power      Damage    Failure   Level
a - Sandblast             Erth           44%        2d11      1%          1
b - Passwall              Tmut/Erth      12%        N/A       6%          2

Your spell library contained the following spells:

 Spells                   Type           Power      Damage    Failure   Level
 Freeze                   Ice            16%        1d4       12%         1
 Stone Arrow              Conj/Erth      26%        3d8       14%         3
 Frozen Ramparts          Ice            8%         1d2       34%         3
 Petrify                  Tmut/Erth      15%        N/A       36%         4
 Hailstorm                Conj/Ice       4%         3d4       75%         4


Dungeon Overview and Level Annotations

Branches:
Dungeon (3/15)

Altars:

Annotations:
D:3 Pargi


Message History

Aim: Ijyb, wielding a +0 dagger, wearing a +0 leather armour and carrying a wand of flame (23) (lightly wounded, 79% to hit)
You miscast Sandblast.
You are very lightly contaminated with residual magic.
Nothing appears to happen.
Ijyb zaps a wand.
The puff of flame hits you!
Casting: Sandblast (safe; 2% risk of failure)
Confirm with . or Enter, or press ? or * to list all spells.
Aiming: Sandblast (safe; 2% risk of failure)
Press: ? - help, Shift-Dir - straight line, f/p - Ijyb
Aim: Ijyb, wielding a +0 dagger, wearing a +0 leather armour and carrying a wand of flame (22) (lightly wounded, 79% to hit)
The blast of sand hits Ijyb.
Ijyb is moderately wounded.
Ijyb hits you with a +0 dagger.
Casting: Sandblast (safe; 2% risk of failure)
Confirm with . or Enter, or press ? or * to list all spells.
Aiming: Sandblast (safe; 2% risk of failure)
Press: ? - help, Shift-Dir - straight line, f/p - Ijyb
Aim: Ijyb, wielding a +0 dagger, wearing a +0 leather armour and carrying a wand of flame (22) (moderately wounded, 79% to hit)
The blast of sand hits Ijyb!
Ijyb is severely wounded.
Ijyb hits you with a +0 dagger. Ijyb closely misses you.
Casting: Sandblast (safe; 2% risk of failure)
Confirm with . or Enter, or press ? or * to list all spells.
Aiming: Sandblast (safe; 2% risk of failure)
Press: ? - help, Shift-Dir - straight line, f/p - Ijyb
Aim: Ijyb, wielding a +0 dagger, wearing a +0 leather armour and carrying a wand of flame (22) (severely wounded, 79% to hit)
The blast of sand hits Ijyb!
You kill Ijyb!
Your Earth Magic skill increases to level 4!
Casting: Sandblast (safe; 1% risk of failure)
Confirm with . or Enter, or press ? or * to list all spells.
You don't know that spell.
You see here a green potion.
Your magical contamination has completely faded away.
Pargi attacks as you move away! Pargi completely misses you.
Pargi closely misses you. Pargi claws you.
As you read the scroll labelled PEDOYXA ILINE, it crumbles to dust.
It is a scroll of identify.
f - a scroll of teleportation Pargi bites you!
You die...

#.........##.
#.........#
#.........#
#.........#
#.........#
#.........#
#.........#
##.#.....##
#@####### #T#
#.# #.# #.#
#.# #.# #.#
#.#


You could see Pargi.

Vanquished Creatures
  Ijyb (D:3)
  A gnoll (D:1)
  A worm (D:3)
  An orc (D:3)
  2 bats
  3 endoplasms
  3 giant cockroaches
  3 goblins
  2 hobgoblins (D:1)
  7 ball pythons
  4 frilled lizards
  A kobold (D:3)
29 creatures vanquished.

Notes
Turn   | Place    | Note
-------+----------+-------------------------------------------
     0 | D:1      | ghostp the Deep Elf Earth Elementalist began the quest for
                  | the Orb.
     0 | D:1      | Reached XP level 1. HP: 10/10 MP: 6/6
   155 | D:1      | Found a faded altar of an unknown god.
   331 | D:1      | Reached XP level 2. HP: 15/15 MP: 6/8
  1796 | D:2      | Reached XP level 3. HP: 19/19 MP: 8/10
  1893 | D:2      | Learned a level 2 spell: Passwall
  2760 | D:3      | Noticed Ijyb
  2763 | D:3      | Noticed Pargi
  2768 | D:3      | Killed Ijyb
  2786 | D:3      | Slain by Pargi

Illustrated notes

Levels and vault maps discovered:
D:1:      saegor_arrival_simple_d, layout_basic, basic_ecumenical_altar,
          hangedman_decor_opposing, amcnicky_mini_rare_corridor_liquid
D:2:      layout_basic
D:3:      layout_basic, grunt_temple_overflow_lords_of_destruction, uniq_ijyb,
          uniq_pargi

Skill      XL: |  1  2  3 |
---------------+----------+-----
Stealth        | 3 |  3.1
Spellcasting   | 4 |  4.3
Earth Magic    | 4 |  4.2
Ranged Weapons | |  0.4
Dodging        | |  2.5
Transmutations | |  1.2

Action                   || total
-------------------------++-------
 Fire: Sling             ||     7
 Cast: Sandblast         ||    40
  Use: Scroll            ||     1
Dodge: Dodged            ||     8
